EVO
FRESNO STATE UNIVERSITY BULLDOGS @ RICE UNIVERSITY OWLS
07/21/2049
 
TOP OF THE 1ST
University of North Carolina at Chapel Hill Tar Heels batting - Pitching for Vanderbilt University Commodores : LHP Kyle McGuire
Pitching: LHP Kyle McGuire
Batting: RHB Bill Atley 0-0: Ball
1-0: Swinging Strike
1-1: Foul Ball, location: 2F
1-2: Strikes out swinging
Batting: LHB Ryan Young 0-0: Ball
1-0: Fly out, F9 (Flyball, 89M, EV 79.4 MPH)
Batting: RHB Jeremy Rollins 0-0: Called Strike
0-1: Called Strike
0-2: Strikes out swinging
Top of the 1st over - 0 runs, 0 hits, 0 errors, 0 left on base; University of North Carolina at Chapel Hill 0 - Vanderbilt University 0
BOTTOM OF THE 1ST
Vanderbilt University Commodores batting - Pitching for University of North Carolina at Chapel Hill Tar Heels : LHP Francisco Guerra
Pitching: LHP Francisco Guerra
Batting: RHB Ryan Cole 0-0: Ball
1-0: Ball
2-0: Ball
3-0: Called Strike
3-1: Swinging Strike
3-2: Base on Balls
Batting: LHB Dennis French 0-0: Ball
1-0: SINGLE (Line Drive, 7S, EV 105.6 MPH)
Ryan Cole to second
Batting: RHB Jose Ramos 0-0: Called Strike
0-1: SINGLE (Flyball, 8RS, EV 96.2 MPH)
Ryan Cole to third
Dennis French to second
Batting: RHB Jelani Griffin 0-0: Fly out, F9 (Flyball, 89M, EV 86.9 MPH)
Runner from 3rd tags up, SCORES, throw by RF
Dennis French to third
Batting: LHB Tony Olmos 0-0: Hit by Pitch
Jose Ramos to second
Batting: RHB Ryan Wright 0-0: Foul Ball, location: 2F
0-1: Ball
1-1: Ball
2-1: Fly out, F8 (Flyball, 8RD, EV 100.0 MPH)
Runner from 3rd tags up, SCORES, throw by CF
Jose Ramos to third
Batting: LHB Garret Mathis 0-0: Called Strike
0-1: Called Strike
0-2: Foul Ball, location: 2F
0-2: Strikes out swinging
Bottom of the 1st over - 2 runs, 2 hits, 0 errors, 2 left on base; University of North Carolina at Chapel Hill 0 - Vanderbilt University 2
TOP OF THE 2ND
University of North Carolina at Chapel Hill Tar Heels batting - Pitching for Vanderbilt University Commodores : LHP Kyle McGuire
Batting: SHB Ryan Marsh 0-0: Fly out, F9 (Flyball, 9S, EV 80.0 MPH)
Batting: RHB Tan Halit 0-0: Ball
1-0: Called Strike
1-1: Swinging Strike
1-2: Ball
2-2: Ground out 5-3 (Groundball, 56S, EV 79.4 MPH)
Batting: RHB Scott Hansen 0-0: Ball
1-0: SINGLE (Line Drive, 8RS, EV 111.9 MPH)
Batting: SHB Sam Fredrick 0-0: Ball
1-0: Fly out, F9 (Flyball, 9LM, EV 88.8 MPH)
Top of the 2nd over - 0 runs, 1 hit, 0 errors, 1 left on base; University of North Carolina at Chapel Hill 0 - Vanderbilt University 2
BOTTOM OF THE 2ND
Vanderbilt University Commodores batting - Pitching for University of North Carolina at Chapel Hill Tar Heels : LHP Francisco Guerra
Batting: LHB Jessie Whedbee 0-0: Ball
1-0: Called Strike
1-1: Called Strike
1-2: SINGLE (Groundball, 15S, EV 65.6 MPH) (infield hit)
Batting: RHB Mike Weeks 0-0: Fly out, F3 (Popup, 3SF, EV 76.2 MPH)
Batting: RHB Ryan Cole 0-0: Swinging Strike
0-1: Foul Ball, location: 2F
0-2: Strikes out looking
Batting: LHB Dennis French 0-0: Called Strike
0-1: Ball
1-1: Ball
2-1: Ball
3-1: Base on Balls
Jessie Whedbee to second
Batting: RHB Jose Ramos 0-0: Ball
1-0: Called Strike
1-1: Foul Ball, location: 2F
1-2: Strikes out swinging
Bottom of the 2nd over - 0 runs, 1 hit, 0 errors, 2 left on base; University of North Carolina at Chapel Hill 0 - Vanderbilt University 2
TOP OF THE 3RD
University of North Carolina at Chapel Hill Tar Heels batting - Pitching for Vanderbilt University Commodores : LHP Kyle McGuire
Batting: RHB Mike Storey 0-0: Ball
1-0: Ball
2-0: Called Strike
2-1: Called Strike
2-2: Ball
3-2: Strikes out swinging
Batting: RHB Brandon Wilson 0-0: Called Strike
0-1: Ball
1-1: Called Strike
1-2: Ball
2-2: Foul Ball, location: 2F
2-2: Strikes out looking
Batting: RHB Bill Atley 0-0: Ball
1-0: Called Strike
1-1: Called Strike
1-2: Ball
2-2: Ball
3-2: Ground out 1-3 (Groundball, 15S, EV 68.1 MPH)
Top of the 3rd over - 0 runs, 0 hits, 0 errors, 0 left on base; University of North Carolina at Chapel Hill 0 - Vanderbilt University 2
BOTTOM OF THE 3RD
Vanderbilt University Commodores batting - Pitching for University of North Carolina at Chapel Hill Tar Heels : LHP Francisco Guerra
Batting: RHB Jelani Griffin 0-0: Ball
1-0: Ball
2-0: Swinging Strike
2-1: Ground out 5-3 (Groundball, 56, EV 91.2 MPH)
Batting: LHB Tony Olmos 0-0: Ball
1-0: Called Strike
1-1: Swinging Strike
1-2: Ball
2-2: Foul Ball, location: 2F
2-2: Ball
3-2: Fly out, F7 (Flyball, 7D, EV 104.4 MPH)
Batting: RHB Ryan Wright 0-0: Called Strike
0-1: Called Strike
0-2: Ball
1-2: Foul Ball, location: 2F
1-2: Ball
2-2: Foul Ball, location: 2F
2-2: Ball
3-2: Strikes out looking
Bottom of the 3rd over - 0 runs, 0 hits, 0 errors, 0 left on base; University of North Carolina at Chapel Hill 0 - Vanderbilt University 2
TOP OF THE 4TH
University of North Carolina at Chapel Hill Tar Heels batting - Pitching for Vanderbilt University Commodores : LHP Kyle McGuire
Batting: LHB Ryan Young 0-0: Ball
1-0: Foul Ball, location: 2F
1-1: Bunt for hit to 13S - play at first, batter safe!
Batting: RHB Jeremy Rollins 0-0: Ball
1-0: Ball
2-0: Called Strike
2-1: Ball
3-1: Called Strike
3-2: Base on Balls
Ryan Young to second
Batting: SHB Ryan Marsh 0-0: Fly out, F8 (Flyball, 8LM, EV 80.6 MPH)
Batting: RHB Tan Halit 0-0: Foul Ball, location: 2F
0-1: Swinging Strike
0-2: Ball
1-2: Foul Ball, location: 2F
1-2: Strikes out swinging
Batting: RHB Scott Hansen 0-0: SINGLE (Groundball, 56D, EV 106.9 MPH)
Ryan Young to third
Jeremy Rollins to second
Runner from 3rd tries for Home, SAFE, throw by LF to home
Batting: SHB Sam Fredrick 0-0: Swinging Strike
0-1: Ball
1-1: Ball
2-1: Foul Ball, location: 2F
2-2: Strikes out swinging
Top of the 4th over - 1 run, 2 hits, 0 errors, 2 left on base; University of North Carolina at Chapel Hill 1 - Vanderbilt University 2
BOTTOM OF THE 4TH
Vanderbilt University Commodores batting - Pitching for University of North Carolina at Chapel Hill Tar Heels : LHP Francisco Guerra
Batting: LHB Garret Mathis 0-0: Called Strike
0-1: SINGLE (Groundball, 56S, EV 68.8 MPH) (infield hit)
Batting: LHB Jessie Whedbee 0-0: Ball
1-0: Foul Ball, location: 2F
1-1: Ball
2-1: Ball
3-1: Base on Balls
Garret Mathis to second
Batting: RHB Mike Weeks 0-0: Called Strike
0-1: Called Strike
0-2: Ball
1-2: Ball
2-2: SINGLE (Groundball, 6MS, EV 75.0 MPH) (infield hit)
Garret Mathis to third
Jessie Whedbee to second
Batting: RHB Ryan Cole 0-0: Ball
1-0: Called Strike
1-1: Foul Ball, location: 2F
1-2: Ball
2-2: Ball
3-2: Foul Ball, location: 2F
3-2: Base on Balls
Garret Mathis scores
Jessie Whedbee to third
Mike Weeks to second
Batting: LHB Dennis French 0-0: Foul Ball, location: 2F
0-1: Fly out, F8 (Flyball, 78D, EV 90.0 MPH)
Runner from 3rd tags up, SCORES, throw by CF
Mike Weeks to third
Batting: RHB Jose Ramos 0-0: Called Strike
Ryan Cole steals 2nd base
0-1: Ball
1-1: SINGLE (Groundball, 6MD, EV 110.6 MPH)
Mike Weeks scores
Ryan Cole to third
Pitching: RHP Jayden Whittick
Batting: RHB Jelani Griffin 0-0: Ball
1-0: Ball
2-0: Called Strike
Jose Ramos steals 2nd, throwing error, E2
Ryan Cole scores
Jose Ramos to third
2-1: Foul Ball, location: 2F
2-2: SINGLE (Groundball, 34, EV 97.5 MPH)
Jose Ramos scores
Batting: LHB Tony Olmos 0-0: Called Strike
0-1: Ball
1-1: Swinging Strike
1-2: Strikes out swinging
Batting: RHB Ryan Wright 0-0: Called Strike
0-1: Ball
1-1: Ball
2-1: Fly out, F8 (Flyball, 8LM, EV 93.8 MPH)
Bottom of the 4th over - 5 runs, 4 hits, 1 error, 1 left on base; University of North Carolina at Chapel Hill 1 - Vanderbilt University 7
TOP OF THE 5TH
University of North Carolina at Chapel Hill Tar Heels batting - Pitching for Vanderbilt University Commodores : LHP Kyle McGuire
Batting: RHB Mike Storey 0-0: Fly out, F8 (Flyball, 8RXD, EV 85.6 MPH)
Batting: RHB Brandon Wilson 0-0: Ball
1-0: Ground out 6-3 (Groundball, 6, EV 100.6 MPH)
Batting: RHB Bill Atley 0-0: Ball
1-0: Called Strike
1-1: Called Strike
1-2: Ball
2-2: Fly out, F9 (Flyball, 9LD, EV 92.5 MPH)
Top of the 5th over - 0 runs, 0 hits, 0 errors, 0 left on base; University of North Carolina at Chapel Hill 1 - Vanderbilt University 7
BOTTOM OF THE 5TH
Vanderbilt University Commodores batting - Pitching for University of North Carolina at Chapel Hill Tar Heels : RHP Jayden Whittick
Pinch Hitting: LHB Ryan Adams 0-0: Ball
1-0: Ball
2-0: Called Strike
2-1: Ball
3-1: Called Strike
3-2: SOLO HOME RUN (Flyball, 9D, EV 98.8 MPH), Distance : 365 ft
Batting: LHB Jessie Whedbee 0-0: Ball
1-0: Foul Ball, location: 2F
1-1: Foul Ball, location: 2F
1-2: Foul Ball, location: 2F
1-2: Fly out, F3 (Popup, 3DF, EV 66.9 MPH)
Batting: RHB Mike Weeks 0-0: Foul Ball, location: 2F
0-1: Ball
1-1: Ball
2-1: Swinging Strike
2-2: Fly out, F9 (Flyball, 9, EV 83.8 MPH)
Batting: RHB Ryan Cole 0-0: Ball
1-0: Foul Ball, location: 2F
1-1: Ball
2-1: Fly out, F8 (Flyball, 8LS, EV 83.1 MPH)
Bottom of the 5th over - 1 run, 1 hit, 0 errors, 0 left on base; University of North Carolina at Chapel Hill 1 - Vanderbilt University 8
TOP OF THE 6TH
University of North Carolina at Chapel Hill Tar Heels batting - Pitching for Vanderbilt University Commodores : LHP Kyle McGuire
Pitching: RHP Alex de la Cruz
Now at SS: Ryan Adams
Batting: LHB Ryan Young 0-0: Ball
1-0: Called Strike
1-1: Swinging Strike
1-2: Strikes out looking
Batting: RHB Jeremy Rollins 0-0: Ball
1-0: Fly out, F7 (Flyball, 78M, EV 86.9 MPH)
Pinch Hitting: SHB Jim Saxon 0-0: Foul Ball, location: 2F
0-1: Fly out, F7 (Flyball, 7LM, EV 78.1 MPH)
Top of the 6th over - 0 runs, 0 hits, 0 errors, 0 left on base; University of North Carolina at Chapel Hill 1 - Vanderbilt University 8
BOTTOM OF THE 6TH
Vanderbilt University Commodores batting - Pitching for University of North Carolina at Chapel Hill Tar Heels : RHP Jayden Whittick
Pitching: RHP C.J. Dombrowski
Now at 1B: Jim Saxon
Batting: LHB Dennis French 0-0: Called Strike
0-1: Ball
1-1: Called Strike
1-2: Ground out U3 (Groundball, 3, EV 82.5 MPH)
Batting: RHB Jose Ramos 0-0: Foul Ball, location: 2F
0-1: Ball
1-1: Swinging Strike
1-2: Strikes out swinging
Pinch Hitting: RHB Mel Bohorquez 0-0: Ball
1-0: Ball
2-0: Ball
3-0: Called Strike
3-1: Base on Balls
Batting: LHB Tony Olmos 0-0: Ball
1-0: SINGLE (Flyball, 78S, EV 95.0 MPH)
Mel Bohorquez to second
Batting: RHB Ryan Wright 0-0: SINGLE (Flyball, 7LS, EV 91.9 MPH)
Mel Bohorquez to third
Tony Olmos to second
Batting: LHB Ryan Adams 0-0: Foul Ball, location: 2F
0-1: Swinging Strike
0-2: Ball
1-2: Ball
2-2: Foul Ball, location: 2F
2-2: Ball
3-2: SINGLE (Groundball, 13, EV 90.6 MPH) (infield hit)
Mel Bohorquez scores
Tony Olmos to third
Ryan Wright to second
Batting: RHB Paul Johnson 0-0: Foul Ball, location: 2F
0-1: Called Strike
0-2: SINGLE (Groundball, 56D, EV 95.0 MPH)
Tony Olmos scores
Ryan Wright to third
Ryan Adams to second
Runner from 3rd tries for Home, SAFE, throw by LF to home
Batting: RHB Mike Weeks 0-0: Ball
1-0: Ball
2-0: Ball
3-0: Base on Balls
Ryan Adams to third
Paul Johnson to second
Batting: RHB Ryan Cole 0-0: Ball
1-0: Called Strike
1-1: Ball
2-1: SINGLE (Groundball, 3D, EV 98.8 MPH)
Ryan Adams scores
Paul Johnson to third
Mike Weeks to second
Runner from 3rd tries for Home, SAFE, throw by RF to home
Pitching: RHP Bobby Franco
Batting: LHB Dennis French 0-0: Called Strike
0-1: Ball
1-1: Called Strike
1-2: Ball
2-2: Strikes out swinging
Bottom of the 6th over - 5 runs, 5 hits, 0 errors, 2 left on base; University of North Carolina at Chapel Hill 1 - Vanderbilt University 13
TOP OF THE 7TH
University of North Carolina at Chapel Hill Tar Heels batting - Pitching for Vanderbilt University Commodores : RHP Alex de la Cruz
Now at 3B: Mel Bohorquez
Batting: RHB Tan Halit 0-0: Called Strike
0-1: Called Strike
0-2: Fly out, F7 (Line Drive, 7, EV 97.5 MPH)
Batting: RHB Scott Hansen 0-0: Ball
1-0: Ball
2-0: Called Strike
2-1: Ground out 6-3 (Groundball, 56, EV 78.8 MPH)
Batting: SHB Sam Fredrick 0-0: Ball
1-0: Foul Ball, location: 2F
1-1: Foul Ball, location: 2F
1-2: Foul Ball, location: 2F
1-2: Foul Ball, location: 2F
1-2: Foul Ball, location: 2F
1-2: SINGLE (Groundball, 6M, EV 101.2 MPH)
Batting: RHB Mike Storey 0-0: Swinging Strike
0-1: Fly out, F9 (Flyball, 89S, EV 80.6 MPH)
Top of the 7th over - 0 runs, 1 hit, 0 errors, 1 left on base; University of North Carolina at Chapel Hill 1 - Vanderbilt University 13
BOTTOM OF THE 7TH
Vanderbilt University Commodores batting - Pitching for University of North Carolina at Chapel Hill Tar Heels : RHP Bobby Franco
Pitching: RHP Vince Sumpter
Batting: RHB Jose Ramos 0-0: Ball
1-0: Foul Ball, location: 2F
1-1: Ball
2-1: Foul Ball, location: 2F
2-2: Ball
3-2: Foul Ball, location: 2F
3-2: Foul Ball, location: 2F
3-2: Ground out 4-3 (Groundball, 4, EV 105.0 MPH)
Batting: RHB Mel Bohorquez 0-0: Ball
1-0: Ball
2-0: Fly out, F9 (Flyball, 9, EV 91.9 MPH)
Batting: LHB Tony Olmos 0-0: Ball
1-0: Swinging Strike
1-1: Ball
2-1: Ground out 4-3 (Groundball, 4M, EV 104.4 MPH)
Bottom of the 7th over - 0 runs, 0 hits, 0 errors, 0 left on base; University of North Carolina at Chapel Hill 1 - Vanderbilt University 13
TOP OF THE 8TH
University of North Carolina at Chapel Hill Tar Heels batting - Pitching for Vanderbilt University Commodores : RHP Alex de la Cruz
Batting: RHB Brandon Wilson 0-0: Ball
1-0: Called Strike
1-1: Foul Ball, location: 2F
1-2: Ball
2-2: Foul Ball, location: 2F
2-2: Ball
3-2: SINGLE (Line Drive, 9S, EV 88.1 MPH)
Pitching: RHP Matt Lane
Batting: RHB Bill Atley 0-0: Ground out 5-3 (Groundball, 56S, EV 63.1 MPH)
Brandon Wilson to second
Batting: LHB Ryan Young 0-0: Ball
1-0: Called Strike
1-1: Called Strike
1-2: Strikes out swinging
Batting: RHB Jeremy Rollins 0-0: Ball
1-0: Ball
2-0: Ball
3-0: Base on Balls
Batting: SHB Jim Saxon 0-0: Swinging Strike
0-1: Fly out, F6 (Popup, P, EV 81.2 MPH)
Top of the 8th over - 0 runs, 1 hit, 0 errors, 2 left on base; University of North Carolina at Chapel Hill 1 - Vanderbilt University 13
BOTTOM OF THE 8TH
Vanderbilt University Commodores batting - Pitching for University of North Carolina at Chapel Hill Tar Heels : RHP Vince Sumpter
Pitching: RHP Didier Pages
Batting: RHB Ryan Wright 0-0: Ball
1-0: Ball
2-0: Swinging Strike
2-1: Foul Ball, location: 2F
2-2: Ball
3-2: Base on Balls
Batting: LHB Ryan Adams 0-0: Ball
1-0: Ball
2-0: Ball
3-0: Called Strike
3-1: Called Strike
3-2: Foul Ball, location: 2F
3-2: Base on Balls
Ryan Wright to second
Batting: RHB Paul Johnson 0-0: Ball
1-0: SINGLE (Line Drive, 5D, EV 98.8 MPH)
Ryan Wright to third
Ryan Adams to second
Batting: RHB Mike Weeks 0-0: Swinging Strike
0-1: Fly out, F9 (Flyball, 9, EV 88.1 MPH)
Runner from 3rd tags up, OUT at HOME! 9-2
Ryan Adams to third
Paul Johnson to second
Batting: RHB Ryan Cole 0-0: Ball
1-0: Swinging Strike
1-1: SINGLE (Groundball, 56D, EV 97.5 MPH)
Ryan Adams scores
Paul Johnson to third
Batting: LHB Dennis French 0-0: Foul Ball, location: 2F
0-1: Foul Ball, location: 2F
0-2: Ball
1-2: Ball
2-2: 3-RUN HOME RUN (Flyball, 9LD, EV 98.1 MPH), Distance : 361 ft
Pitching: RHP Alex Aldaya
Batting: RHB Jose Ramos 0-0: Ball
1-0: Ball
2-0: Ball
3-0: Base on Balls
Batting: RHB Mel Bohorquez 0-0: Foul Ball, location: 2F
0-1: Ball
1-1: Foul Ball, location: 2F
1-2: SINGLE (Groundball, 56D, EV 100.0 MPH)
Jose Ramos to second
Batting: LHB Tony Olmos 0-0: Ball
1-0: Foul Ball, location: 2F
1-1: Called Strike
1-2: Strikes out swinging
Bottom of the 8th over - 4 runs, 4 hits, 0 errors, 2 left on base; University of North Carolina at Chapel Hill 1 - Vanderbilt University 17
TOP OF THE 9TH
University of North Carolina at Chapel Hill Tar Heels batting - Pitching for Vanderbilt University Commodores : RHP Matt Lane
Pitching: RHP Wilson Mendez
Batting: RHB Tan Halit 0-0: Swinging Strike
0-1: Ball
1-1: Called Strike
1-2: Strikes out swinging
Batting: RHB Scott Hansen 0-0: Ball
1-0: Foul Ball, location: 2F
1-1: Ground out 5-3 (Groundball, 56, EV 104.4 MPH)
Batting: SHB Sam Fredrick 0-0: Ball
1-0: Ground out 1-3 (Groundball, P, EV 71.2 MPH)
Top of the 9th over - 0 runs, 0 hits, 0 errors, 0 left on base; University of North Carolina at Chapel Hill 1 - Vanderbilt University 17
Sunday, July 16th , 2023 - OOTP Baseball 24.6 Build 69